 Dungeon Sprint DCSS version 0.27-a0-1308-gc08437e49b (webtiles) character file.

Game seed: 12726528105638330946

26 mhtbhm the Digger (level 2, 0/13 HPs)
             Began as a Spriggan Earth Elementalist on June 18, 2021.
             Was an Initiate of Vehumet.
             Slain by a yak (13 damage)
             ... in the Dungeon (Sprint IX: "|||||||||||||||||||||||||||||").
             The game lasted 00:01:26 (532 turns).

mhtbhm the Digger (Spriggan Earth Elementalist)      Turns: 532, Time: 00:01:27

Health: 0/13       AC:  4    Str:  4    XL:     2   Next: 89%
Magic:  3/8        EV: 17    Int: 22    God:    Vehumet [......]
Gold:   0          SH:  0    Dex: 15    Spells: 8/9 levels left

rFire    . . .     SeeInvis +   a - +3 war axe "Dogol" {freeze, Int+3}
rCold    . . .     Faith    .   (shield restricted)
rNeg     . . .     Spirit   .   b - +0 robe
rPois    .         Reflect  .   (helmet restricted)
rElec    .         Harm     .   (no cloak)
rCorr    .         Rampage  .   (gloves unavailable)
Will     .....     NoTele   +   (boots unavailable)
Stlth    +++.......             (no amulet)
HPRegen  0.04/turn              m - +3 ring of intelligence
MPRegen  0.11/turn              n - +2 ring of protection

@: very quick
A: very small, no large weapons, unfitting armour, see invisible, speed 3
a: Renounce Religion


You were in the Dungeon.
You worshipped Vehumet.
Vehumet was noncommittal.
You visited 1 branch

Inventory:

Hand Weapons
 a - the +3 war axe "Dogol" (weapon) {freeze, Int+3}
   (You found it in the Dungeon)

   It has been specially enchanted to freeze those struck by it, causing extra
   injury to most foes and up to half again as much damage against particularly
   susceptible opponents.
   It can also slow down cold-blooded creatures.
   It affects your intelligence (+3).
Missiles
 i - 4 stones
Armour
 b - a +0 robe (worn)
Jewellery
 m - a +3 ring of intelligence (left hand)
 n - a +2 ring of protection (right hand)
Wands
 l - a wand of iceblast (10)
Scrolls
 h - 2 scrolls of blinking
 k - 2 scrolls of amnesia
Potions
 c - 5 potions of curing
 d - a potion of heal wounds
 e - a potion of haste
 f - 3 potions of magic
 g - a potion of berserk rage
 j - a potion of invisibility


   Skills:
 + Level 3.2 Dodging
 + Level 4.1 Stealth
 + Level 4.3 Spellcasting
 + Level 1.3 Transmutations
 + Level 4.9 Earth Magic


You had 8 spell levels left.
You knew the following spells:

 Your Spells              Type           Power      Damage    Failure   Level
a - Sandblast             Erth           52%        2d12      1%          1

Your spell library contained the following spells:

 Spells                   Type           Power      Damage    Failure   Level
 Passwall                 Tmut/Erth      15%        N/A       4%          2
 Stone Arrow              Conj/Erth      30%        3d8       12%         3
 Petrify                  Tmut/Erth      18%        N/A       30%         4
 Lee's Rapid Deconstruct  Erth           13%        3d10*     36%         5


Dungeon Overview and Level Annotations

Branches:
Dungeon (1/1)

Altars:
Cheibriados
Dithmenos
Elyvilon
Fedhas
Gozag
Hepliaklqana
Kikubaaqudgha
Makhleb
Nemelex Xobeh
Okawaru
Qazlal
Ru
Sif Muna
Trog
Uskayaw
Vehumet
Wu Jian
Xom
Yredelemnul
Zin
The Shining One
Beogh
Jiyva
Lugonu


Innate Abilities, Weirdness & Mutations

You are very small and have problems with some larger weapons.
You are too small for most types of armour.
You have supernaturally acute eyesight. (SInv)
You cover ground extremely quickly. (Speed+++)


Message History

The blast of sand hits the yak.
The yak is severely wounded.
Unknown command.
Press < or > to pray at altars.
Unknown command.
Press < or > to pray at altars.
Casting: Sandblast (safe; 1% risk of failure)
Confirm with . or Enter, or press ? or * to list all spells.
Aiming: Sandblast (safe; 1% risk of failure)
Press: ? - help, Shift-Dir - straight line, f/p - yak
Aim: a yak (severely wounded, 88% to hit)
The blast of sand hits the yak.
The yak is almost dead.
The yak misses you.
Unknown command.
Press < or > to pray at altars.
Unknown command.
Press < or > to pray at altars.
Casting: Sandblast (safe; 1% risk of failure)
Confirm with . or Enter, or press ? or * to list all spells.
Aiming: Sandblast (safe; 1% risk of failure)
Press: ? - help, Shift-Dir - straight line, f/p - yak
Aim: a yak (almost dead, 88% to hit)
The blast of sand hits the yak but does no damage.
The yak is almost dead.
The yak barely misses you.
Unknown command.
Press < or > to pray at altars.
Unknown command.
Press < or > to pray at altars.
Casting: Sandblast (safe; 1% risk of failure)
Confirm with . or Enter, or press ? or * to list all spells.
Aiming: Sandblast (safe; 1% risk of failure)
Press: ? - help, Shift-Dir - straight line, f/p - yak
Aim: a yak (almost dead, 88% to hit)
The blast of sand hits the yak.
The yak is almost dead.
The yak gores you!
Ouch! That really hurt!
You die...

▓.▓
▓'▓
▓_▓
▓_▓
▓_▓
▓_▓
▓_▓
▓_▓
▓@▓
▓Y▓
▓_▓
▓_▓
▓_▓
▓o▓
▓Y▓
▓_▓
▓_▓


You could see 2 yaks and an orc priest.

Vanquished Creatures
  An adder (D)
  A white imp (D)
  An orc (D)
  A ball python (D)
  A bat zombie (D)
  An endoplasm (D)
  A goblin (D)
  A quokka (D)
  A frilled lizard (D)
  A kobold (D)
10 creatures vanquished.

Notes
Turn   | Place    | Note
-------+----------+-------------------------------------------
     0 | D        | mhtbhm the Spriggan Earth Elementalist began the quest for
                  | the Orb.
     0 | D        | Reached XP level 1. HP: 9/9 MP: 5/5
   181 | D        | Reached XP level 2. HP: 13/13 MP: 2/7
   439 | D        | Found a snail-covered altar of Cheibriados.
   439 | D        | Found a shadowy altar of Dithmenos.
   439 | D        | Found a white marble altar of Elyvilon.
   439 | D        | Found a blossoming altar of Fedhas.
   439 | D        | Found an opulent altar of Gozag.
   440 | D        | Found a hazy altar of Hepliaklqana.
   441 | D        | Found a viscous altar of Jiyva.
   442 | D        | Found an ancient bone altar of Kikubaaqudgha.
   443 | D        | Found a corrupted altar of Lugonu.
   444 | D        | Found a burning altar of Makhleb.
   445 | D        | Found a sparkling altar of Nemelex Xobeh.
   446 | D        | Found an iron altar of Okawaru.
   447 | D        | Found a stormy altar of Qazlal.
   448 | D        | Found a sacrificial altar of Ru.
   449 | D        | Found a shimmering blue altar of Sif Muna.
   450 | D        | Found a bloodstained altar of Trog.
   451 | D        | Found a hide-covered altar of Uskayaw.
   452 | D        | Found a radiant altar of Vehumet.
   453 | D        | Found an ornate altar of the Wu Jian Council.
   454 | D        | Found a shimmering altar of Xom.
   455 | D        | Found a basalt altar of Yredelemnul.
   456 | D        | Found a glowing silver altar of Zin.
   457 | D        | Found a glowing golden altar of the Shining One.
   460 | D        | Became a worshipper of Vehumet
   479 | D        | Got the +3 war axe "Dogol" {freeze, Int+3}
   491 | D        | Noticed a yak
   491 | D        | Noticed a yak
   491 | D        | Noticed a two-headed ogre
   491 | D        | Noticed a centaur
   532 | D        | Slain by a yak

Illustrated notes

Levels and vault maps discovered:
D:        linesprint [early_d, line_temple, items_1, d_10, items_2, lair_1,
          lair_end, items_3, orc_1, orc_end, items_4, d_15, swamp_1, shoals_1,
          snake_1, spider_1, d_20, vaults_1, items_5, swamp_end, shoals_end,
          snake_end, spider_end, vaults_end, d_27, items_6, zot_1, zot_end,
          crypt_end, forest_end, elf_end, slime_end, tomb_end, abyss_end,
          pan_hell_end]

Skill      XL: |  1  2 |
---------------+-------+-----
Earth Magic    | 4 |  4.9
Spellcasting   | 3 4 |  4.3
Dodging        | 3 |  3.2
Stealth        | 4 |  4.1
Transmutations | |  1.3

Action                   || total
-------------------------++-------
Melee: Short sword       ||     1
 Cast: Sandblast         ||    26
  Use: Potion            ||     3
Armor: Robe              ||     1
Dodge: Dodged            ||     9

Table legend: (Time is in decaauts)
 A = Elapsed time spent in this place.
 B = Non-inter-level travel time spent in this place.
 C = Inter-level travel time spent in this place.
 D = Time resting spent in this place.
 E = Time spent auto-exploring this place.
 F = Levels seen in this place.
 G = Mean time per level.
                   A        B        C        D        E       F      G
               +--------+--------+--------+--------+--------+-----+--------+
         Total |    489 |    489 |      0 |    375 |      1 |   1 |  489.0 |
       Dungeon |    489 |    489 |      0 |    375 |      1 |   1 |  489.0 |
               +--------+--------+--------+--------+--------+-----+--------+

Top non-repeatable levels by time:
       D: 489 daAuts
